 Dungeon Crawl Stone Soup version 0.29-a0-753-gb7bb9d7 (webtiles) character file.

Game seed: 9226048000854833002

23081 PurpleRed the Eclecticist (level 12, -8/99 HPs)
             Began as a Deep Elf Brigand on June 30, 2022.
             Was an Elder of Vehumet.
             Hit by a silver javelin thrown by a minotaur (9 damage)
             ... in a Gauntlet.
             The game lasted 01:16:30 (6752 turns).

PurpleRed the Eclecticist (Deep Elf Brigand)        Turns: 6752, Time: 01:16:31

Health: -8/99      AC: 26    Str: 14    XL:     12   Next: 68%
Magic:  12/34      EV:  2    Int: 22    God:    Vehumet [****..]
Gold:   694        SH:  0    Dex: 16    Spells: 20/43 levels left

rFire   . . .      SeeInvis .   e - +5 dagger (venom)
rCold   . . .      Faith    .   (no shield)
rNeg    . . .      Spirit   .   (body armour currently unavailable)
rPois   +          Reflect  .   (helmet currently unavailable)
rElec   .          Harm     .   (cloak currently unavailable)
rCorr   +          Rampage  .   (gloves currently unavailable)
Will    +....      NoTele   +   (boots currently unavailable)
Stlth   ++++......              q - amulet of magic regeneration
HPRegen 0.26/turn               R - ring of resist corrosion
MPRegen 0.64/turn               S - +6 ring of strength

@: tree-form
A: stationary, stasis, torment immunity, boosted hp
a: Renounce Religion


You were in a Gauntlet.
You worshipped Vehumet.
Vehumet was greatly pleased with you.
You were a tree.
You visited 3 branches of the dungeon, and saw 16 of its levels.
You also visited: Gauntlet.

You collected 844 gold pieces.
You spent 150 gold pieces at shops.

Inventory:

Hand Weapons
 a - a +2 dagger
 e - a +5 dagger of venom (weapon)
 g - a +0 scythe
 i - a +2 vampiric dagger
 m - a +0 vorpal mace
 v - a +0 shortbow
Missiles
 d - 39 poisoned darts (quivered)
 r - 5 silver javelins
 K - 3 throwing nets
Armour
 b - a +0 robe
 c - a +0 cloak (melded)
 f - a +0 ring mail
 h - a +0 pair of gloves
 l - a +0 helmet (melded)
 o - +0 steam dragon scales (melded)
 t - a +1 pair of boots of stealth (melded)
 A - a scarf of repulsion
 B - a +2 pair of gloves of strength (melded)
 J - +0 acid dragon scales
 O - a +1 robe of cold resistance
 W - the +0 pair of gloves of Divine Compulsion {*Slow rElec rPois Dex+7}
   (You found it in a Gauntlet)

   Dex:       It affects your dexterity (+7).
   rElec:     It insulates you from electricity.
   rPois:     It protects you from poison.
   *Slow:     It may slow you when you take damage.
Jewellery
 q - an amulet of magic regeneration (around neck)
 P - a ring of ice
 R - a ring of resist corrosion (left branch)
 S - a +6 ring of strength (right branch)
 U - an amulet of regeneration
Wands
 n - a wand of flame (1)
 z - a wand of iceblast (12)
 I - a wand of polymorph (8)
 L - a wand of quicksilver (6)
Scrolls
 s - 4 scrolls of teleportation
 w - a scroll of blinking
 y - a scroll of amnesia
 G - 3 scrolls of magic mapping
 H - 3 scrolls of fog
 M - 3 scrolls of identify
 Q - a scroll of silence
 T - a scroll of poison
 V - a scroll of fear {unknown}
Potions
 j - 6 potions of curing
 k - 2 potions of flight
 p - 2 potions of ambrosia
 u - a potion of brilliance
 x - a potion of cancellation
 C - a potion of lignification
 D - a potion of resistance
 F - 2 potions of might
 N - a potion of attraction {unknown}


   Skills:
 - Level 3.7 Fighting
 - Level 2.0 Short Blades
 - Level 2.0 Throwing
 - Level 4.9 Dodging
 - Level 7.3 Stealth
 + Level 16.3 Spellcasting
 + Level 9.9 Conjurations
 - Level 8.0 Necromancy
 + Level 8.7 Fire Magic
 - Level 4.0 Ice Magic
 - Level 2.0 Air Magic
 - Level 8.0 Earth Magic
 - Level 3.0 Poison Magic


You had 20 spell levels left.
You knew the following spells:

 Your Spells              Type           Power      Damage    Failure   Level
a - Scorch                Fire           100%       2d10      1%          2
b - Mephitic Cloud        Conj/Pois/Air  39%        N/A       1%          3
c - Ignite Poison         Fire/Tmut/Pois 35%        N/A       1%          3
d - Borgnjor's Vile Clut  Necr/Erth      26%        N/A       3%          5
e - Fireball              Conj/Fire      28%        3d12      1%          5
f - Freezing Cloud        Conj/Ice/Air   20%        6-21      2%          5

Your spell library contained the following spells:

 Spells                   Type           Power      Damage    Failure   Level
 Dazzling Flash           Conj/Hex       78%        N/A       1%          3
 Sublimation of Blood     Necr           52%        N/A       1%          2
 Frozen Ramparts          Ice            70%        1d9       1%          3
 Animate Dead             Necr           52%        N/A       1%          4
 Flame Wave               Conj/Fire      56%        2d11      1%          4
 Apportation              Tloc           34%        N/A       3%          1
 Wereblood                Tmut           17%        N/A       4%          2
 Gell's Gravitas          Tloc           17%        N/A       10%         3
 Ice Form                 Ice/Tmut       26%        N/A       14%         4
 Summon Ice Beast         Ice/Summ       26%        N/A       14%         4
 Death Channel            Necr           26%        N/A       19%         6
 Summon Cactus Giant      Summ           8%         N/A       99%         6
 Summon Hydra             Summ           8%         N/A       100%        7


Dungeon Overview and Level Annotations

Branches:
Dungeon (11/15)            Temple (1/1) D:4            Lair (4/6) D:11
 Shoals (0/4) Lair:2        Snake (0/4) Lair:2          Orc (0/2) D:10
Gauntlet (1/1)

Altars:
Ashenzari
Cheibriados
Dithmenos
Elyvilon
Fedhas
Gozag
Hepliaklqana
Kikubaaqudgha
Makhleb
Nemelex Xobeh
Okawaru
Qazlal
Ru
Sif Muna
Trog
Uskayaw
Vehumet
Wu Jian
Xom
Yredelemnul
Zin
The Shining One

Shops:
D:1 :   D:9 *

Annotations:
D:10 3 runed translucent doors, Dega's ghost, journeyman SpHu
D:11 1 runed translucent door Gauntlet 8 transporters


Message History

The floor.
Casting: Freezing Cloud (dangerous; 2% risk of failure)
Confirm with . or Enter, or press ? or * to list all spells.
Aiming: Fireball (mildly dangerous; 1% risk of failure)
Press: ? - help, Shift-Dir - straight line, f/p - minotaur
Aim: a minotaur, wielding a staff of conjuration, wearing a +4 plate armour of positive energy and quivering silver javelins (moderately wounded, constricted by zombie hands)
The fireball explodes!
The fireball engulfs the minotaur!
The minotaur is moderately wounded.
The zombie hands constrict the minotaur.
The minotaur throws a silver javelin.
The silver javelin pierces through you!
* * * LOW HITPOINT WARNING * * *
The silver sears you!
* * * LOW HITPOINT WARNING * * *
Okay, then.
Okay, then.
Okay, then.
Aiming: Polymorph
Press: ? - help, Shift-Dir - straight line, f/p - minotaur
Aim: a minotaur, wielding a staff of conjuration, wearing a +4 plate armour of positive energy and quivering silver javelins (heavily wounded, constricted by zombie hands, will become a yak, an azure jelly, or a black draconian, chance to affect: 1%)
Okay, then.
Unknown command.
Casting: Fireball (mildly dangerous; 1% risk of failure)
Confirm with . or Enter, or press ? or * to list all spells.
Aiming: Fireball (mildly dangerous; 1% risk of failure)
Press: ? - help, Shift-Dir - straight line, f/p - minotaur
Aim: a minotaur, wielding a staff of conjuration, wearing a +4 plate armour of positive energy and quivering silver javelins (heavily wounded, constricted by zombie hands)
The fireball explodes!
The fireball engulfs the minotaur!
The minotaur is heavily wounded.
The zombie hands constrict the minotaur, but do no damage.
The minotaur struggles to escape constriction.
Casting: Fireball (mildly dangerous; 1% risk of failure)
Confirm with . or Enter, or press ? or * to list all spells.
Aiming: Fireball (mildly dangerous; 1% risk of failure)
Press: ? - help, Shift-Dir - straight line, f/p - minotaur
Aim: a minotaur, wielding a staff of conjuration, wearing a +4 plate armour of positive energy and quivering silver javelins (heavily wounded, constricted by zombie hands)
The fireball explodes!
The fireball engulfs the minotaur!!
The minotaur is severely wounded.
The zombie hands constrict the minotaur!
The minotaur throws a silver javelin.
The silver javelin pierces through you!
You die...

##.#...≈# ##.#...##
...#...≈# #.##...##
####...≈#
.......############
....8.####........#
......≈##..###.##.##
###...##........♣.8#
#©#...#....#.#.....#
.##...#.8©.#.#H#####
=.#...#....#...#8.8[
###.8.#.8©.###.'....
.3#...#....#...#8
#3#...#.8©.#.#.#####
..#...#....#.#.....#
###...##..........8#


You could see a minotaur (clutched).

Vanquished Creatures
  Fannar (D:11)
  Harold (D:10)
  A centaur warrior (D:9)
  3 two-headed ogres
  2 hydras (Lair:2)
  A death yak (Gauntlet)
  Nergalle (D:10)
  A necromancer (Gauntlet)
  Maurice (D:8)
  A merfolk siren (Lair:2)
  A black mamba (Lair:2)
  10 cane toads
  2 komodo dragons (Lair:2)
  A polar bear (Lair:3)
  4 blink frogs (Lair:3)
  Sigmund (D:5)
  3 shadows
  2 wyverns (D:9)
  15 yaks
  2 basilisks
  7 steam dragons
  An acid dragon (D:9)
  5 water moccasins
  A hell hound (Gauntlet)
  A black bear (D:5)
  3 orc warriors
  5 centaurs
  2 ogres (D:6)
  2 phantoms (D:6)
  16 wolves
  7 bullfrogs
  3 kobold brigands
  Blork the orc (D:6)
  3 scorpions
  A necrophage (D:7)
  7 wights
  4 killer bees (D:9)
  An electric eel (Lair:2)
  8 hounds
  A gnoll shaman (D:7)
  6 orc priests
  Jessica (D:3)
  6 iguanas
  Terence (D:3)
  7 orc wizards
  6 gnolls
  8 adders
  A shadow imp (D:8)
  3 white imps
  An ufetubus (D:6)
  2 dart slugs (D:4)
  23 orcs
  5 ball pythons
  4 bats
  5 endoplasms
  4 giant cockroaches
  4 hobgoblins
  3 jackals (D:2)
  4 quokkas
  15 kobolds
  4 rats
246 creatures vanquished.

Vanquished Creatures (others)
  3 demonic plants (Gauntlet)
  7 fungi
  12 plants
22 creatures vanquished.

Grand Total: 268 creatures vanquished

Notes
Turn   | Place    | Note
-------+----------+-------------------------------------------
     0 | D:1      | PurpleRed the Deep Elf Brigand began the quest for the Orb.
     0 | D:1      | Reached XP level 1. HP: 12/12 MP: 3/3
    55 | D:1      | Reached skill level 1 in Spellcasting
    66 | D:1      | Found a faded altar of an unknown god.
   103 | D:1      | Found Onoodous's Vocational Training.
   123 | D:1      | Reached XP level 2. HP: 13/17 MP: 4/6
   164 | D:1      | Reached skill level 5 in Stealth
   220 | D:1      | Reached skill level 2 in Spellcasting
   416 | D:2      | Reached XP level 3. HP: 6/21 MP: 8/8
   458 | D:2      | Learned a level 2 spell: Scorch
   538 | D:2      | Reached skill level 3 in Spellcasting
   595 | D:3      | Noticed Jessica
   613 | D:3      | Killed Jessica
   614 | D:3      | Reached skill level 1 in Fire Magic
   614 | D:3      | Reached XP level 4. HP: 10/26 MP: 1/11
   641 | D:3      | Noticed Terence
   660 | D:4      | Found an opulent altar of Gozag.
   696 | D:4      | Found a staircase to the Ecumenical Temple.
   702 | D:4      | Reached skill level 4 in Spellcasting
   730 | Temple   | Entered the Ecumenical Temple
   860 | D:4      | Reached XP level 5. HP: 30/30 MP: 14/14
   870 | D:4      | Learned a level 3 spell: Mephitic Cloud
   874 | D:4      | Learned a level 3 spell: Ignite Poison
   903 | D:4      | Reached skill level 5 in Spellcasting
  1197 | D:5      | Entered Level 5 of the Dungeon
  1201 | D:5      | Found a hide-covered altar of Uskayaw.
  1216 | D:5      | Reached skill level 1 in Conjurations
  1216 | D:5      | Reached skill level 1 in Poison Magic
  1230 | D:5      | Noticed an orc warrior
  1341 | D:5      | Found a white marble altar of Elyvilon.
  1387 | D:5      | Reached XP level 6. HP: 16/35 MP: 1/16
  1580 | D:5      | Noticed Sigmund
  1590 | D:5      | Killed Sigmund
  1591 | D:5      | Reached skill level 6 in Spellcasting
  1591 | D:5      | Reached XP level 7. HP: 31/40 MP: 3/18
  1659 | D:6      | Found a shadowy altar of Dithmenos.
  1662 | D:6      | Noticed Blork the orc
  1670 | D:6      | Killed Blork the orc
  1850 | D:6      | Reached skill level 7 in Spellcasting
  1990 | D:6      | Noticed a steam dragon
  2067 | D:6      | Reached XP level 8. HP: 44/44 MP: 15/21
  2076 | D:6      | Reached skill level 5 in Fire Magic
  2098 | D:6      | Reached skill level 8 in Spellcasting
  2161 | D:6      | Reached skill level 9 in Spellcasting
  2164 | D:6      | Reached skill level 10 in Spellcasting
  2367 | D:6      | Learned a level 5 spell: Borgnjor's Vile Clutch
  2464 | D:8      | Reached skill level 11 in Spellcasting
  2464 | D:8      | Reached skill level 1 in Necromancy
  2464 | D:8      | Reached skill level 1 in Earth Magic
  2509 | D:9      | Found Matouleuhi's Assorted Antiques.
  2517 | D:9      | Bought a scroll of identify for 52 gold pieces
  2517 | D:9      | Bought a yellow potion for 23 gold pieces
  2517 | D:9      | Bought a purple potion for 23 gold pieces
  2517 | D:9      | Bought a scroll of identify for 52 gold pieces
  2520 | D:9      | Reached skill level 12 in Spellcasting
  2520 | D:9      | Reached XP level 9. HP: 50/52 MP: 25/27
  2815 | D:5      | Found a sacrificial altar of Ru.
  3209 | D:3      | Killed Terence
  3279 | D:4      | Found a burning altar of Makhleb.
  3515 | D:7      | Found a radiant altar of Vehumet.
  3523 | D:7      | Became a worshipper of Vehumet
  3560 | D:7      | Reached XP level 10. HP: 13/56 MP: 20/28
  4014 | D:8      | Noticed Maurice
  4022 | D:8      | Killed Maurice
  4207 | D:9      | Reached * piety under Vehumet
  4207 | D:9      | Offered knowledge of Sandblast by Vehumet.
  4227 | D:9      | Got the Collected Works on the Blistering Traveller
  4235 | D:9      | Learned a level 5 spell: Fireball
  4288 | D:9      | Noticed a centaur warrior
  4297 | D:9      | Noticed a two-headed ogre
  4298 | D:9      | Killed a centaur warrior
  4299 | D:9      | Reached skill level 13 in Spellcasting
  4355 | D:9      | Noticed a two-headed ogre
  4362 | D:9      | Killed a two-headed ogre
  4378 | D:9      | Killed a two-headed ogre
  4379 | D:9      | Reached skill level 5 in Conjurations
  4558 | D:9      | Reached XP level 11. HP: 48/60 MP: 25/30
  4688 | D:10     | Entered Level 10 of the Dungeon
  4728 | D:10     | Noticed a two-headed ogre
  4740 | D:10     | Killed a two-headed ogre
  4741 | D:10     | Reached skill level 14 in Spellcasting
  4766 | D:10     | Found a blossoming altar of Fedhas.
  4811 | D:10     | Found a staircase to the Orcish Mines.
  4833 | D:10     | Found a glowing golden altar of the Shining One.
  4838 | D:10     | Found a basalt altar of Yredelemnul.
  4935 | D:10     | Found a runed translucent gate.
  4935 | D:10     | Found a runed translucent gate.
  4935 | D:10     | Noticed Dega's ghost (journeyman SpHu)
  4936 | D:10     | Found a runed translucent gate.
  4936 | D:10     | Noticed an 11-headed hydra
  4965 | D:10     | Noticed Harold
  4991 | D:10     | Killed Harold
  5040 | D:10     | Noticed Nergalle
  5043 | D:10     | Offered knowledge of Shock by Vehumet.
  5044 | D:10     | Killed Nergalle
  5044 | D:10     | Reached ** piety under Vehumet
  5179 | D:10     | Found a sparkling altar of Nemelex Xobeh.
  5274 | D:11     | Found a staircase to the Lair.
  5295 | D:11     | Found a runed translucent door.
  5303 | D:11     | Noticed an ettin
  5304 | D:11     | Noticed Fannar
  5305 | D:11     | Noticed a yaktaur captain
  5305 | D:11     | Noticed a rakshasa
  5392 | D:11     | Killed Fannar
  5414 | Lair:1   | Entered Level 1 of the Lair of Beasts
  5455 | Lair:1   | Learned a level 5 spell: Freezing Cloud
  5470 | Lair:2   | Reached skill level 1 in Ice Magic
  5477 | Lair:2   | Noticed a seven-headed hydra
  5485 | Lair:2   | Reached skill level 1 in Air Magic
  5491 | Lair:2   | Killed a seven-headed hydra
  5605 | Lair:2   | Noticed a five-headed hydra
  5616 | Lair:2   | Killed a five-headed hydra
  5617 | Lair:2   | Reached skill level 15 in Spellcasting
  5699 | Lair:3   | Reached XP level 12. HP: 66/66 MP: 33/33
  5703 | Lair:3   | Offered knowledge of Inner Flame by Vehumet.
  5775 | Lair:3   | Reached *** piety under Vehumet
  5936 | Lair:2   | Offered knowledge of Dazzling Flash by Vehumet.
  6043 | Lair:2   | Found a staircase to the Shoals.
  6098 | Lair:2   | Found a staircase to the Snake Pit.
  6159 | Lair:1   | Reached skill level 16 in Spellcasting
  6344 | Lair:3   | Reached **** piety under Vehumet
  6378 | Lair:4   | Found a gate leading to a gauntlet.
  6385 | Gauntlet | Entered a Gauntlet
  6385 | Gauntlet | Noticed a death yak
  6385 | Gauntlet | Noticed a death yak
  6385 | Gauntlet | Found a transporter.
  6386 | Gauntlet | Noticed a death yak
  6387 | Gauntlet | Noticed a death yak
  6389 | Gauntlet | Found a transporter.
  6391 | Gauntlet | Found a transporter.
  6391 | Gauntlet | Found a transporter.
  6394 | Gauntlet | Found a transporter.
  6395 | Gauntlet | Found a transporter.
  6403 | Gauntlet | Found a transporter.
  6404 | Gauntlet | Found a transporter.
  6461 | Gauntlet | Found a transporter.
  6463 | Gauntlet | Found a transporter.
  6467 | Gauntlet | Found a transporter.
  6478 | Gauntlet | Found a transporter.
  6478 | Gauntlet | Noticed a blizzard demon
  6647 | Gauntlet | Killed a death yak
  6681 | Gauntlet | Identified the +0 pair of gloves of Divine Compulsion
                  | {*Slow rElec rPois Dex+7}
  6714 | Gauntlet | Noticed a minotaur
  6750 | Gauntlet | HP: 1/99 [minotaur/silver javelin (9)]
  6752 | Gauntlet | Hit by a silver javelin thrown by a minotaur

Illustrated notes

Levels and vault maps discovered:
D:1:      spicycebolla_green_bress_n_ham, layout_rooms,
          ebering_ecumenical_altar_petrified, nicolae_shop_vocational
D:2:      minmay_evil_eye, layout_basic, minmay_lizard_pond
D:3:      layout_basic, uniq_terence, uniq_jessica
D:4:      layout_loops_ring, kennysheep_mini, nicolae_gozag_seed_capital,
          minmay_temple_entry_trees, minivault_25, minmay_misc_feat_more_columns
D:5:      layout_basic, mainiacjoe_overflow_catwalk_spiral,
          general_overflow_altar, uniq_sigmund
D:6:      layout_loops_corners, nicolae_dithmenos_the_darkroom,
          minmay_pentangle, uniq_blork_the_orc
D:7:      layout_basic, nicolae_overflow_crystal_walls
D:8:      layout_basic, minmay_shop_enchanted_jewellery, grunt_ministairs_14,
          centaur_isle, uniq_maurice
D:9:      layout_roguey, serial_shops, shop, minmay_fractal_squares_diagonal_5
D:10:     layout_loops_cross, grunt_temple_overflow_holy_war, lemuel_tele_altar,
          lemuel_coloured_pillars_altar, orc_0_dummy,
          gammafunk_ghost_hydra_chop, uniq_harold, uniq_nergalle
D:11:     layout_rooms, lair_entry_dummy, muffindrake_ghost_dual_entry,
          minmay_radiant, uniq_amaemon, uniq_fannar, uniq_erolcha
Temple:   minmay_temple_curvy_loop
Lair:1:   minmay_lair_venomous_thicket, layout_regular_city,
          chequers_serial_rivers_small_a
Lair:2:   cheibrodos_lair_river_kwai, layout_hall_layers,
          minmay_shoals_entry_lonely_mermaid, nicolae_quartered_pool_medium,
          minivault_27, st_stairs_10
Lair:3:   beast_lair_carwin_large_4, layout_loops_ring,
          chequers_serial_rivers_room_b, infiniplex_staircase_pool_2
Lair:4:   layout_roguey, gauntlet_entry_generic, basic_altar, uniq_nessos,
          uniq_josephine
Gauntlet: minmay_gauntlet_mixed_oops_all_seconds [minmay_gauntlet_arena_77_box,
          nicolae_gauntlet_arena_t_cross,
          minmay_gauntlet_arena_77_hold_the_fort,
          gammafunk_gauntlet_arena_mazey,
          minmay_gauntlet_arena_77_radiant_squares, nicolae_gauntlet_arena_x,
          nicolae_gauntlet_exit_dead_adventurers]

Skill      XL: |  1  2  3  4  5  6  7  8  9 10 11 12 |
---------------+-------------------------------------+-----
Spellcasting   | 1 2 3 4 5 6 7 12 13 15 16 | 16.3
Stealth        | 5 7 |  7.3
Fighting       | 2 3 |  3.7
Fire Magic     | 1 2 3 4 5 7 8 |  8.7
Conjurations   | 1 3 4 5 8 9 |  9.9
Poison Magic   | 1 2 3 |  3.0
Necromancy     | 6 7 8 |  8.0
Earth Magic    | 6 8 |  8.0
Dodging        | 4 |  4.9
Ice Magic      | 3 4 |  4.0
Air Magic      | 2 |  2.0
Short Blades   | |  2.0
Throwing       | |  2.0

Action                   |  1- 3 |  4- 6 |  7- 9 | 10-12 || total
-------------------------+-------+-------+-------+-------++-------
Melee: Dagger            |    57 |    32 |    50 |    67 ||   206
       Punch             |       |       |       |     2 ||     2
Throw: Dart              |    30 |    11 |    16 |       ||    57
 Cast: Scorch            |     5 |    29 |    43 |    40 ||   117
       Mephitic Cloud    |       |       |     5 |     7 ||    12
       Ignite Poison     |       |       |     3 |     5 ||     8
       Borgnjor's Vile C |       |       |     7 |   111 ||   118
       Fireball          |       |       |       |    24 ||    24
       Freezing Cloud    |       |       |       |     1 ||     1
Evoke: Wand              |       |    15 |       |     1 ||    16
  Use: Potion            |     1 |     2 |     2 |     4 ||     9
       Scroll            |       |     7 |    13 |     5 ||    25
 Stab: Sleeping          |    11 |     2 |    10 |    15 ||    38
       Distracted        |       |     1 |       |       ||     1
Armor: Robe              |    11 |    12 |    20 |     2 ||    45
       Ring mail         |     2 |       |       |       ||     2
       Steam dragon scal |       |       |       |    24 ||    24
Dodge: Dodged            |    19 |    27 |    41 |   108 ||   195

Table legend: (Time is in decaauts)
 A = Elapsed time spent in this place.
 B = Non-inter-level travel time spent in this place.
 C = Inter-level travel time spent in this place.
 D = Time resting spent in this place.
 E = Time spent auto-exploring this place.
 F = Levels seen in this place.
 G = Mean time per level.
                   A        B        C        D        E       F      G
               +--------+--------+--------+--------+--------+-----+--------+
         Total |   6722 |   6632 |     90 |      0 |      0 |  17 |  395.4 |
       Dungeon |   5283 |   5208 |     75 |      0 |      0 |  11 |  480.3 |
        Temple |     93 |     93 |      0 |      0 |      0 |   1 |   93.0 |
          Lair |    973 |    958 |     15 |      0 |      0 |   4 |  243.2 |
      Gauntlet |    372 |    372 |      0 |      0 |      0 |   1 |  372.0 |
               +--------+--------+--------+--------+--------+-----+--------+

Top non-repeatable levels by time:
     D:6: 921 daAuts
     D:4: 773 daAuts
    D:10: 634 daAuts
     D:8: 558 daAuts
     D:9: 536 daAuts
     D:5: 465 daAuts
  Lair:2: 447 daAuts
     D:3: 443 daAuts
Gauntlet: 372 daAuts
  Lair:3: 361 daAuts
     D:7: 314 daAuts
     D:2: 307 daAuts
     D:1: 237 daAuts
  Lair:1: 157 daAuts
  Temple: 93 daAuts
